[Event "Team 45 45 League T40"]
[Site "Internet Chess Club"]
[Date "2009.02.11"]
[Round "3"]
[White "chess9397"]
[Black "alastorx"]
[Result "0-1"]
[WhiteElo "1894"]
[BlackElo "1852"]
[Opening "Scandinavian (center counter) defense"]
[ECO "B01"]
[Time "23:01:31"]
[TimeControl "2700+45"]

1. e4 d5 2. exd5 Qxd5 3. Nc3 Qa5 4. d4 Nf6 5. Nf3 Nc6 6. Bd2 a6 7. Bc4 Qh5 8.
Be2 Bg4 9. O-O e6 10. h3 Bxf3 11. Bxf3 Qf5 12. Be3 Rd8 13. Qd2 Bb4 14. Rad1 O-O
15. a3 Bc5 16. Bxc6 bxc6 17. Qe2 Bb6 18. Rd2 Nd5 19. Nxd5 cxd5 20. Qxa6 e5 21.
Qa4 exd4 22. Bxd4 c5 23. Qb5 Bc7 24. Qxc5 Qf4 25. Rfd1 Qh2+ 26. Kf1 Qh1+ 27. Ke2
Qxg2 28. Qxc7 Rfe8+ 29. Be3 Rxe3+ 30. Kxe3 Qe4# {White checkmated} 0-1

[Event "Team 45 45 League T40"]
[Site "Internet Chess Club"]
[Date "2009.02.17"]
[Round "3"]
[White "MRX"]
[Black "cityprosecutor"]
[Result "1-0"]
[WhiteElo "1699"]
[BlackElo "1775"]
[Opening "Nimzovich-Larsen attack: modern variation"]
[ECO "A01"]
[Time "10:02:33"]
[TimeControl "2700+45"]

1. b3 e5 2. Bb2 Nc6 3. e3 d5 4. Bb5 f6 5. d4 exd4 6. Qxd4 Ne7 7. Nf3 Nf5 8. Qd2
a6 9. Bxc6+ bxc6 10. Rg1 Be7 11. Nc3 Be6 12. Ne2 c5 13. Nf4 Bf7 14. O-O-O c6 15.
Rge1 O-O 16. e4 Nd6 17. exd5 cxd5 18. Nxd5 Bxd5 19. Qxd5+ Kh8 20. Qe6 Re8 21.
Qh3 Qc7 22. Nh4 Bf8 23. Ng6+ Kg8 24. Nxf8 Rxe1 25. Qxh7+ Kxf8 26. Rxe1 Nf7 27.
Qe4 Rd8 28. h4 Nd6 29. Qh7 Nf7 30. g3 Qd6 31. Qe4 c4 32. Qe2 cxb3 33. axb3 Rc8
34. Rd1 Qc6 35. Rd3 Qh1+ 36. Qd1 Qg2 37. Qf3 Qf1+ 38. Rd1 Qb5 39. Kb1 Qc5 40.
Rd2 Re8 41. Re2 Rd8 42. Re1 Rc8 43. c4 Qb4 44. Qc3 Qb6 45. Re2 Rb8 46. Qe3 Qxb3
47. Qxb3 Rxb3 48. Kc2 Rb7 49. Re6 Rc7 50. c5 Nd8 51. Rxa6 Kf7 52. Bd4 Nc6 53.
Kc3 Ke6 54. Kc4 Kd7 55. h5 Rb7 56. Rb6 Ra7 57. Bb2 Ra4+ 58. Kb3 Ra5 59. Rb7+ Ke6
60. Rxg7 Rxc5 61. h6 Rh5 62. Rg6 Ke7 63. Ba3+ Kf7 64. Rg7+ Ke6 65. h7 Ne5 66. f4
Nf7 67. f5+ Kxf5 68. g4+ {Black resigns} 1-0

[Event "Team 45 45 League T40"]
[Site "Internet Chess Club"]
[Date "2009.02.14"]
[Round "3"]
[White "arrabi"]
[Black "Egmont"]
[Result "0-1"]
[WhiteElo "1668"]
[BlackElo "1690"]
[Opening "Pirc defense"]
[ECO "B07"]
[Time "12:00:10"]
[TimeControl "2700+45"]

1. e4 d6 2. d4 Nf6 3. Bd3 g6 4. f3 c5 5. d5 Bg7 6. c3 e6 7. Bg5 exd5 8. exd5 O-O
9. Ne2 Qb6 10. Bxf6 Bxf6 11. Qc2 Nd7 12. Na3 Ne5 13. Nc4 Nxc4 14. Bxc4 Bf5 15.
Qb3 Qxb3 16. axb3 a6 17. Ng3 Rfe8+ 18. Kf2 Bg5 19. Nxf5 gxf5 20. Rhe1 Re5 21.
Rxe5 dxe5 22. Bd3 f4 23. g3 fxg3+ 24. hxg3 Kg7 25. Re1 Kf6 26. c4 h5 27. Rh1 Rh8
28. Be4 Ke7 29. Bf5 h4 30. gxh4 Rxh4 31. Rxh4 Bxh4+ 32. Ke2 Kd6 33. Kd3 Bf2 34.
Bc8 Kc7 35. Bg4 Bd4 36. Bh5 f6 37. Ke4 Bxb2 38. Kf5 Kd6 39. Bf7 b5 40. cxb5 axb5
41. Ke4 {White disconnected and forfeits} 0-1

[Event "Team 45 45 League T40"]
[Site "Internet Chess Club"]
[Date "2009.02.14"]
[Round "3"]
[White "RodJohnstone"]
[Black "Zebbile"]
[Result "1/2-1/2"]
[WhiteElo "1841"]
[BlackElo "1919"]
[Opening "Alekhine's defense: Scandinavian variation"]
[ECO "B02"]
[Time "16:00:29"]
[TimeControl "2700+45"]

1. e4 Nf6 2. Nc3 d5 3. exd5 Nxd5 4. Bc4 c6 5. Qf3 Be6 6. Nxd5 cxd5 7. Bb3 Nc6 8.
Ne2 Qd7 9. Ba4 a6 10. Nd4 b5 11. Nxc6 Qxc6 12. Bb3 a5 13. a4 b4 14. c4 bxc3 15.
dxc3 Rb8 16. Bc2 g6 17. Bd3 Bd7 18. O-O Bg7 19. Bb5 Qb7 20. Bxd7+ Qxd7 21. Rd1
e6 22. Qe2 O-O 23. c4 d4 24. Rd3 Rb4 25. b3 Rfb8 26. Qc2 Qb7 27. Bd2 Rxb3 28.
Bxa5 Rb1+ 29. Rxb1 Qxb1+ 30. Qd1 Rb3 31. Rd2 e5 32. g3 Qxd1+ 33. Rxd1 Ra3 34.
Rb1 Bf8 35. Bc7 Rxa4 36. Rb8 Rxc4 37. Bxe5 Rc6 38. Bxd4 f6 39. Be3 Kf7 40. Rb7+
Be7 41. Bd2 Rc4 42. Ba5 Ke6 43. Kg2 g5 44. h3 h5 45. Rc7 Ra4 46. Bd2 g4 47. hxg4
hxg4 48. Rc2 f5 49. f3 Bd6 50. f4 Kd5 51. Be3 Ke4 52. Kf2 Ba3 53. Re2 Kd3 54.
Rd2+ Kc3 55. Rd5 Bb4 56. Rxf5 Ra2+ 57. Kf1 Kd3 58. Bf2 Bc3 59. Rd5+ Ke4 60. Rd1
Bd2 61. Kg2 Be3 62. Rf1 Re2 63. Kg1 Kf3 64. Bxe3+ Kxg3 65. Bf2+ Kh3 66. f5 g3
67. Bxg3 Kxg3 {Game drawn by mutual agreement} 1/2-1/2

[Event "Team 45 45 League T40"]
[Site "Internet Chess Club"]
[Date "2009.02.14"]
[Round "3"]
[White "pishd"]
[Black "johnnyperez"]
[Result "1-0"]
[WhiteElo "1864"]
[BlackElo "1557"]
[Opening "Queen's pawn, Mason variation"]
[ECO "D00"]
[Time "08:21:58"]
[TimeControl "2700+45"]

1. d4 d5 2. Bf4 Bf5 3. c4 Nc6 4. Nc3 e6 5. e3 a6 6. Nf3 Nf6 7. Ne5 Nxe5 8. dxe5
Ne4 9. Nxe4 Bxe4 10. Qb3 a5 11. f3 Bb4+ 12. Kf2 dxc4 13. Bxc4 Qd2+ 14. Kg3 Bc2
15. Bb5+ c6 16. Bxc6+ bxc6 17. Qc4 Ba4 18. b3 Bb5 19. Qe4 h5 20. a4 h4+ 21. Kh3
Bd3 22. Qxc6+ Ke7 23. Qb7+ Kd8 24. Qxa8+ Kd7 25. Qb7+ Ke8 26. Qc8+ Ke7 27. Bg5+
f6 28. exf6+ gxf6 29. Bxf6+ Kxf6 30. Qxh8+ Kf7 31. e4 Bc3 32. Qh7+ Kf8 33. Rhd1
Qe3 34. Rac1 Bf6 35. Rc8+ {Black resigns} 1-0

[Event "Team 45 45 League T40"]
[Site "Internet Chess Club"]
[Date "2009.02.13"]
[Round "3"]
[White "Ehab"]
[Black "Bill-W"]
[Result "0-1"]
[WhiteElo "1822"]
[BlackElo "1735"]
[Opening "Sicilian: Hungarian variation"]
[ECO "B27"]
[Time "15:01:57"]
[TimeControl "2700+45"]

1. e4 c5 2. Nf3 g6 3. d4 cxd4 4. Qxd4 Nf6 5. e5 Nc6 6. Qc3 Nd5 7. Qd2 Nc7 8. b3
Bg7 9. Bb2 d6 10. Bb5 Nxb5 11. O-O O-O 12. c4 Nc7 13. Qe2 Bg4 14. exd6 Qxd6 15.
Bxg7 Kxg7 16. Qb2+ Qf6 17. Nc3 Bxf3 18. gxf3 Nd4 19. f4 Qxf4 20. Nd5 Nxd5 21.
cxd5 Kg8 22. f3 Rac8 23. Rad1 Rc2 {White resigns} 0-1

[Event "Team 45 45 League T40"]
[Site "Internet Chess Club"]
[Date "2009.02.13"]
[Round "3"]
[White "scottrugby"]
[Black "Warpdrive"]
[Result "1-0"]
[WhiteElo "1440"]
[BlackElo "1718"]
[Opening "Alekhine's defense: exchange variation"]
[ECO "B03"]
[Time "22:56:07"]
[TimeControl "2700+45"]

1. e4 Nf6 2. e5 Nd5 3. d4 d6 4. c4 Nb6 5. exd6 exd6 6. Nc3 Be7 7. Bd3 O-O 8.
Nge2 Bf6 9. O-O Nc6 10. b3 Bg4 11. h3 Bh5 12. f3 Bg6 13. Bxg6 fxg6 14. d5 Ne7
15. Be3 Nf5 16. Bf2 Be5 17. a4 Nd7 18. Qd2 g5 19. Rab1 h6 20. Ne4 Nf6 21. N4g3
Nxg3 22. Bxg3 Bxg3 23. Nxg3 g6 24. Ne2 c5 25. dxc6 bxc6 26. Nd4 Qd7 27. Qd3 Kh7
28. Rfe1 Rae8 29. Kf2 Rxe1 30. Rxe1 Re8 31. Rxe8 Qxe8 32. Qe3 c5 33. Nb5 Qd7 34.
Qd3 a6 35. Qxd6 axb5 36. Qxf6 bxc4 37. bxc4 Qxa4 38. Qe7+ Kh8 39. Qxc5 Qc2+ 40.
Kg3 Qd2 41. Qe5+ Kg8 42. c5 h5 43. c6 h4+ 44. Kh2 Qd8 45. c7 Qc8 46. Qd5+ {Black
resigns} 1-0

[Event "Team 45 45 League T40"]
[Site "Internet Chess Club"]
[Date "2009.02.13"]
[Round "3"]
[White "superplayer"]
[Black "upsan"]
[Result "0-1"]
[WhiteElo "1829"]
[BlackElo "1863"]
[Opening "Queen's pawn"]
[ECO "A40"]
[Time "22:00:04"]
[TimeControl "2700+45"]

1. d4 e6 2. Nf3 f5 3. c4 Nf6 4. Nc3 c6 5. Bf4 Be7 6. e3 O-O 7. Bd3 d5 8. O-O Ne4
9. Ne5 g5 10. Bg3 Nxg3 11. fxg3 Nd7 12. Nxd7 Bxd7 13. Nb1 Qc7 14. c5 e5 15. Nd2
e4 16. Bc2 Be8 17. Rf2 Bg6 18. Qf1 Rae8 19. Nb1 Rf7 20. Nc3 Ref8 21. b4 f4 22.
gxf4 gxf4 23. Rxf4 Rxf4 24. exf4 Rxf4 25. Qe2 Bf6 26. Rd1 Qf7 27. Qe3 Rf5 28. b5
Bh5 29. Rb1 Qg7 30. Rb4 Bf3 31. g3 Bh4 32. Qf2 Bg4 33. Qg2 Bf6 34. bxc6 Bxd4+
35. Kh1 bxc6 36. Rb8+ Rf8 37. Rxf8+ Qxf8 38. Nxe4 Bf3 39. Nf6+ Qxf6 {White
resigns} 0-1

[Event "Team 45 45 League T40"]
[Site "Internet Chess Club"]
[Date "2009.02.15"]
[Round "3"]
[White "rom1"]
[Black "John3v16"]
[Result "1-0"]
[WhiteElo "1592"]
[BlackElo "1696"]
[Opening "QGD: exchange, positional line, 5...c6"]
[ECO "D35"]
[Time "06:00:10"]
[TimeControl "2700+45"]

1. d4 Nf6 2. c4 e6 3. Nc3 d5 4. cxd5 exd5 5. Bg5 c6 6. e3 Nbd7 7. Bd3 h6 8. Bh4
Bb4 9. Qc2 O-O 10. Ne2 Re8 11. O-O g5 12. Bg3 Nh5 13. a3 Bxc3 14. Qxc3 Ndf6 15.
Qc2 Ne4 16. Be5 f6 17. f3 fxe5 18. fxe4 Qe7 19. dxe5 Qxe5 20. Qc3 dxe4 21. Bc4+
Kh8 22. Bf7 Qxc3 23. Nxc3 Bg4 24. Bxe8 Rxe8 25. h3 Be6 26. Kh2 Bc4 27. Rf2 Kg7
28. Rd1 Bd3 29. Ne2 Nf6 30. Nd4 c5 31. Nf5+ Kg6 32. Rc1 c4 33. Nd6 Rf8 34. Kg1
Rb8 35. Nxc4 Nd7 36. Nd6 Ne5 37. Rc7 Rd8 38. Nxb7 Rd5 39. Rc5 Rxc5 40. Nxc5 g4
41. Rf4 gxh3 42. Nxe4 hxg2 43. Kxg2 Nc4 44. Nc5 Nxb2 45. Nxd3 Nxd3 46. Ra4 Ne1+
47. Kf2 Nc2 48. Rxa7 Nxa3 {Black resigns} 1-0

[Event "Team 45 45 League T40"]
[Site "Internet Chess Club"]
[Date "2009.02.14"]
[Round "3"]
[White "Solfege"]
[Black "Fidius"]
[Result "0-1"]
[WhiteElo "2059"]
[BlackElo "2127"]
[Opening "Scandinavian defense"]
[ECO "B01"]
[Time "12:02:15"]
[TimeControl "2700+45"]

1. e4 d5 2. exd5 Nf6 3. Bb5+ Bd7 4. Be2 Nxd5 5. d4 Bf5 6. Nf3 e6 7. O-O Be7 8.
c4 Nb4 9. Na3 N8c6 10. Bf4 a6 11. Qd2 Qd7 12. Rfd1 O-O-O 13. c5 Nd5 14. Nc4 Nxf4
15. Qxf4 g5 16. Qe3 f6 17. Rd2 g4 18. Nh4 Nxd4 19. b4 e5 20. Kh1 Be6 21. a4 Bd5
22. Bd3 Qe6 23. Rc1 Kb8 24. Kg1 f5 25. Nxe5 Bxh4 26. Re1 Be4 27. Bxe4 Qxe5 28.
Red1 Qxe4 29. Qxe4 fxe4 30. Rxd4 Rxd4 31. Rxd4 Rd8 32. Rxd8+ Bxd8 33. Kf1 Kc8
34. Ke2 Bg5 35. f3 exf3+ 36. gxf3 gxf3+ 37. Kxf3 Kd7 38. Ke4 Ke6 39. Kd4 c6 40.
Kc4 Ke5 41. a5 Ke4 42. Kc3 Bf6+ 43. Kc4 h5 44. Kb3 Kd3 {White resigns} 0-1

[Event "Team 45 45 League T40"]
[Site "Internet Chess Club"]
[Date "2009.02.14"]
[Round "3"]
[White "WarrenW"]
[Black "simon2007"]
[Result "1-0"]
[WhiteElo "2100"]
[BlackElo "1917"]
[Opening "Sicilian, Chekhover variation"]
[ECO "B53"]
[Time "15:00:26"]
[TimeControl "2700+45"]

1. e4 c5 2. Nf3 d6 3. d4 cxd4 4. Qxd4 Nc6 5. Bb5 Bd7 6. Qd3 g6 7. O-O Bg7 8. c4
Nf6 9. Nc3 a6 10. Bxc6 Bxc6 11. Be3 O-O 12. Rad1 Rc8 13. b3 Qa5 14. a4 Rcd8 15.
Rfe1 Nd7 16. Nd5 Bxd5 17. exd5 Rfe8 18. Bd4 Nc5 19. Bxc5 Qxc5 20. Re4 e5 21.
dxe6 Rxe6 22. Rxe6 fxe6 23. Qe4 Qf5 24. Qxb7 a5 25. h3 Bf6 26. Re1 e5 27. Qd5+
Kg7 28. Qxa5 Qd3 29. Qc7+ Kh6 30. Nh2 Rf8 31. Ng4+ Kg5 32. Qxh7 Rh8 33. Qf7 Qf5
34. Qd5 Bg7 35. Qxd6 e4 36. Qe7+ Kh5 {Black resigns} 1-0

[Event "Team 45 45 League T40"]
[Site "Internet Chess Club"]
[Date "2009.02.13"]
[Round "3"]
[White "Paulkov"]
[Black "hewdondada"]
[Result "1/2-1/2"]
[WhiteElo "1793"]
[BlackElo "1824"]
[Opening "Scandinavian (center counter) defense"]
[ECO "B01"]
[Time "19:30:11"]
[TimeControl "2700+45"]

1. e4 d5 2. exd5 Qxd5 3. Nc3 Qa5 4. d4 c6 5. Nf3 Nf6 6. Bc4 Bf5 7. O-O e6 8. Qe2
Bd6 9. Bg5 Nbd7 10. Rfe1 O-O 11. Bb3 Bg4 12. Bxf6 Nxf6 13. Ne4 Nxe4 14. Qxe4 Qh5
15. Ne5 Bf5 16. Qe2 Qxe2 17. Rxe2 h6 18. c3 Rad8 19. Bc2 Bxc2 20. Rxc2 Bxe5 21.
dxe5 Rd5 22. Re1 Rfd8 23. Kf1 Kh7 24. f4 h5 25. Kf2 Kg6 26. Kf3 Kf5 27. g3 g5
28. fxg5 Rxe5 29. Rxe5+ Kxe5 30. Ke3 Kf5 31. Rf2+ Kg6 32. Rf6+ Kg7 33. h4 Rd1
34. Rf2 Rg1 35. Kf4 f6 36. gxf6+ Kxf6 37. Rd2 Rf1+ 38. Ke4 Re1+ 39. Kf3 Re5 40.
Rd7 Rb5 41. b3 Rf5+ 42. Ke3 Re5+ 43. Kf4 Rf5+ 44. Ke3 Re5+ 45. Kf4 Rf5+ 46. Ke3
{Game drawn by repetition} 1/2-1/2

[Event "Team 45 45 League T40"]
[Site "Internet Chess Club"]
[Date "2009.02.14"]
[Round "3"]
[White "mugurelt"]
[Black "SneakyRed"]
[Result "1/2-1/2"]
[WhiteElo "1675"]
[BlackElo "1893"]
[Opening "Benko's opening"]
[ECO "A00"]
[Time "15:33:49"]
[TimeControl "2700+45"]

1. g3 d5 2. d4 Nf6 3. Nc3 Bf5 4. Bg2 e6 5. Nf3 h6 6. a3 c5 7. O-O Nc6 8. e3 Rc8
9. Ne2 Be7 10. b3 O-O 11. Bb2 Ne4 12. Nd2 Nxd2 13. Qxd2 cxd4 14. exd4 Na5 15.
Bc3 b6 16. Rfc1 Nb7 17. Bb4 Nd6 18. Bxd6 Qxd6 19. c4 dxc4 20. bxc4 Bg5 21. f4
Bf6 22. Ra2 Rfd8 23. d5 exd5 24. cxd5 Be6 25. Rxc8 Bxc8 26. Qb4 Be7 27. Nd4 Qxb4
28. axb4 Bxb4 29. Nc6 Bc5+ 30. Kf1 Re8 31. Rxa7 Bf5 32. Bf3 Bh3+ 33. Bg2 Bg4 34.
Ne5 Be2+ 35. Kxe2 f6 36. Bh3 fxe5 37. Be6+ Kh7 38. fxe5 Bd4 39. Bf5+ Kh8 40. e6
Bc5 41. Kf3 Rf8 42. Kg4 h5+ 43. Kg5 Be3+ 44. Kxh5 Rxf5+ 45. Kg6 Rg5+ 46. Kf7
Rf5+ 47. Kg6 Rg5+ 48. Kf7 Rf5+ 49. Kg6 Rg5+ 50. Kf7 Rf5+ {Game drawn by
repetition} 1/2-1/2

[Event "Team 45 45 League T40"]
[Site "Internet Chess Club"]
[Date "2009.02.15"]
[Round "3"]
[White "snottgoblin"]
[Black "PandorasBox"]
[Result "1/2-1/2"]
[WhiteElo "2007"]
[BlackElo "2225"]
[Opening "English: Caro-Kann defensive system"]
[ECO "A11"]
[Time "16:00:14"]
[TimeControl "2700+45"]

1. c4 c6 2. g3 Nf6 3. Bg2 e6 4. Nf3 d5 5. O-O Be7 6. d4 O-O 7. Ne5 Nbd7 8. Nc3
Nxe5 9. dxe5 Nd7 10. cxd5 cxd5 11. f4 a6 12. e4 d4 13. Ne2 Qb6 14. Kh1 Bc5 15.
a3 a5 16. Rb1 Bxa3 17. Nxd4 Bc5 18. Nf3 Rd8 19. Qc2 a4 20. f5 Be7 21. Bf4 Qc5
22. Qe2 b6 23. Be3 Qc7 24. fxe6 fxe6 25. Ng5 Bxg5 {Game drawn by mutual
agreement} 1/2-1/2

[Event "Team 45 45 League T40"]
[Site "Internet Chess Club"]
[Date "2009.02.13"]
[Round "3"]
[White "Despair"]
[Black "Holzschlange"]
[Result "0-1"]
[WhiteElo "1870"]
[BlackElo "1932"]
[Opening "Nimzovich-Larsen attack: Indian variation"]
[ECO "A01"]
[Time "22:15:25"]
[TimeControl "2700+45"]

1. b3 Nf6 2. Bb2 e6 3. Nf3 c5 4. g3 d5 5. d4 Nc6 6. Bg2 Be7 7. dxc5 Bxc5 8. e3
O-O 9. O-O Qe7 10. a3 a6 11. b4 Bb6 12. c4 Rd8 13. Nfd2 e5 14. Qc2 Bg4 15. c5
Bc7 16. h3 Bh5 17. Nf3 Rac8 18. Nh4 Bb8 19. Nc3 e4 20. Na4 Ba7 21. Nf5 Qe6 22.
g4 Bg6 23. Nd6 Rxd6 24. cxd6 Ne5 25. Nc5 Qxd6 26. Bxe5 Qxe5 27. Qb3 h5 28. gxh5
Bxh5 29. Nxb7 Bf3 30. Rac1 Rxc1 31. Rxc1 Qg5 32. Rc8+ Kh7 33. Kf1 Qxg2+ 34. Ke1
Qg1+ 35. Kd2 Qxf2+ 36. Kc3 Bxe3 37. Qc2 Qe1+ 38. Kb2 Bd4+ 39. Rc3 Bd1 40. Qc1 e3
41. Nc5 Ne4 42. Nd3 Qxc3+ 43. Qxc3 Bxc3+ 44. Kc1 Bb3 {White resigns} 0-1

[Event "Team 45 45 League T40"]
[Site "Internet Chess Club"]
[Date "2009.02.12"]
[Round "3"]
[White "TerryMalloy"]
[Black "matein7"]
[Result "1/2-1/2"]
[WhiteElo "1970"]
[BlackElo "1899"]
[Opening "Catalan: closed, 5.Nf3"]
[ECO "E06"]
[Time "21:38:21"]
[TimeControl "2700+45"]

1. d4 Nf6 2. c4 e6 3. g3 d5 4. Bg2 Be7 5. Nf3 O-O 6. O-O a6 7. Qc2 dxc4 8. Qxc4
b5 9. Qc2 Bb7 10. Bg5 Nbd7 11. Nbd2 Rc8 12. Bxf6 Nxf6 13. Nb3 Bb4 14. a3 Be4 15.
Qc1 Qd5 16. Qd1 Be7 17. Nbd2 Bg6 18. Rc1 c5 19. dxc5 Bxc5 20. Qb3 Rfd8 21. Rfd1
Be4 22. Qxd5 Bxd5 23. b4 Bb6 24. Kf1 Kf8 25. e3 Ke7 26. Ke2 Bb7 27. Nb3 {Game
drawn by mutual agreement} 1/2-1/2

[Event "Team 45 45 League T40"]
[Site "Internet Chess Club"]
[Date "2009.02.14"]
[Round "3"]
[White "fishhead"]
[Black "jefferyx"]
[Result "0-1"]
[WhiteElo "1787"]
[BlackElo "1813"]
[Opening "Sicilian defense"]
[ECO "B44"]
[Time "16:01:31"]
[TimeControl "2700+45"]

1. e4 c5 2. Nf3 e6 3. d4 cxd4 4. Nxd4 Nc6 5. Bc4 Nf6 6. Nxc6 bxc6 7. Bd3 d5 8.
e5 Nd7 9. f4 Bc5 10. Qe2 O-O 11. Be3 Qb6 12. Bxc5 Nxc5 13. b3 Nxd3+ 14. Qxd3 Ba6
15. Qf3 Rfd8 16. Nd2 d4 17. Ne4 d3 18. c4 Qd4 19. Rd1 Bb7 20. Nd6 Rxd6 21. exd6
c5 22. Qxd3 Qxf4 23. Qd2 Qe4+ 24. Qe2 Qxg2 25. Qxg2 Bxg2 26. Rg1 Bc6 27. Rg5 f5
28. h4 Kf7 29. Kf2 Kf6 30. Rdg1 g6 31. h5 Ke5 32. Re1+ Kxd6 33. hxg6 hxg6 34.
Rxg6 Be4 35. Ke3 Ke5 36. Rf1 f4+ 37. Rxf4 Bxg6 38. Rg4 Bb1 39. a3 Rb8 {White
resigns} 0-1

[Event "Team 45 45 League T40"]
[Site "Internet Chess Club"]
[Date "2009.02.14"]
[Round "3"]
[White "aww-rats"]
[Black "sacsac-mate"]
[Result "1-0"]
[WhiteElo "2115"]
[BlackElo "2177"]
[Opening "Scandinavian (center counter) defense"]
[ECO "B01"]
[Time "13:04:42"]
[TimeControl "2700+45"]

1. e4 d5 2. Nc3 d4 3. Nce2 Nc6 4. Ng3 Bd7 5. Nf3 h5 6. Bc4 h4 7. Nf5 h3 8. gxh3
Bxf5 9. exf5 Rh5 10. Nxd4 Rxh3 11. Nxc6 bxc6 12. Qg4 Rh6 13. d3 Rd6 14. Bf4 Nh6
15. Qf3 Rf6 16. Be5 Qd7 17. Bxf6 exf6 18. Bb5 O-O-O 19. Qxc6 Qxc6 20. Bxc6 Nxf5
21. O-O-O Bc5 22. Be4 Nd6 23. Rdf1 Nxe4 24. dxe4 Kb7 25. h4 Kc6 26. h5 Rh8 27.
Kd2 Rd8+ 28. Ke2 Rd4 29. f3 Rb4 30. b3 Bf8 31. Rd1 Rb8 32. Rd5 a6 33. Rhd1 Bd6
34. Rg1 Bf8 35. f4 Re8 36. Kf3 Rc8 37. Rd2 Bb4 38. Rdg2 Bc5 39. Rxg7 Bxg1 40.
Rxg1 Rh8 41. Rh1 Kc5 42. h6 Rh7 43. Kg4 Kd4 44. Kf5 c5 45. Rh3 c4 46. c3+ Kc5
47. Kxf6 Kd6 48. e5+ Kd5 49. f5 a5 50. e6 fxe6 51. fxe6 cxb3 52. axb3 {Black
resigns} 1-0

[Event "Team 45 45 League T40"]
[Site "Internet Chess Club"]
[Date "2009.02.14"]
[Round "3"]
[White "bigcol"]
[Black "jonesey"]
[Result "0-1"]
[WhiteElo "1890"]
[BlackElo "2032"]
[Opening "Queen's pawn game"]
[ECO "A46"]
[Time "10:00:34"]
[TimeControl "2700+45"]

1. d4 Nf6 2. Nf3 c5 3. c3 e6 4. Bf4 Be7 5. e3 Nc6 6. h3 Qb6 7. Qb3 O-O 8. Bd3 d5
9. O-O c4 10. Qxb6 axb6 11. Bc2 b5 12. Nbd2 b4 13. Ne5 Bd7 14. Ndf3 Ra6 15. Nxc6
Bxc6 16. cxb4 Bxb4 17. a3 Rfa8 18. Ne5 Ba4 19. Bxa4 Rxa4 20. f3 Bf8 21. g4 b5
22. Rac1 b4 23. axb4 Rxb4 24. Rc2 Ra2 25. Rff2 Ne8 26. Nd7 Bd6 27. Bxd6 Nxd6 28.
Nc5 Nb7 29. Nxb7 Rxb7 30. Kf1 Ra1+ 31. Ke2 Rb1 32. Kd2 R1xb2 33. h4 R7b3 34. Re2
g6 35. f4 Rb1 36. Rh2 Rg1 37. g5 Rd3+ 38. Ke2 Rg3 39. e4 Rge3+ {White resigns}
0-1

[Event "Team 45 45 League T40"]
[Site "Internet Chess Club"]
[Date "2009.02.16"]
[Round "3"]
[White "fledermaus"]
[Black "ShanghaiTom"]
[Result "1-0"]
[WhiteElo "1991"]
[BlackElo "1745"]
[Opening "Old Benoni defense"]
[ECO "A43"]
[Time "07:20:21"]
[TimeControl "2700+45"]

1. d4 c5 2. d5 Nf6 3. Nc3 g6 4. e4 d6 5. h3 Bg7 6. Nf3 O-O 7. Be2 a6 8. a4 b6 9.
O-O e5 10. Nd2 Ne8 11. Nc4 f5 12. Bf3 f4 13. Bg4 Nd7 14. f3 h5 15. Be6+ Kh7 16.
Qe2 Rb8 17. Bd2 Rf6 18. Rfb1 Nf8 19. Bxc8 Qxc8 20. b4 b5 21. axb5 axb5 22. Na5
c4 23. Nc6 Rb7 24. Ra5 Nc7 25. Be1 Nd7 26. Bh4 Rf7 27. Nd8 Bf6 28. Nxf7 {Black
resigns} 1-0

[Event "Team 45 45 League T40"]
[Site "Internet Chess Club"]
[Date "2009.02.14"]
[Round "3"]
[White "tryanything"]
[Black "ddlj81"]
[Result "1/2-1/2"]
[WhiteElo "1666"]
[BlackElo "1842"]
[Opening "QGD Slav: 4.Nc3"]
[ECO "D15"]
[Time "16:01:08"]
[TimeControl "2700+45"]

1. d4 d5 2. c4 c6 3. Nc3 Nf6 4. Nf3 a6 5. Bg5 Ne4 6. Bf4 Qa5 7. Bd2 Nxd2 8. Qxd2
Bf5 9. e3 e6 10. cxd5 cxd5 11. Bd3 Bxd3 12. Qxd3 Bb4 13. O-O Bxc3 14. bxc3 O-O
15. h4 Nd7 16. Ng5 Nf6 17. f3 Rac8 18. Rfc1 Rc4 19. Rc2 Rfc8 20. Rac1 Qa3 21. e4
h6 22. e5 hxg5 23. exf6 gxf6 24. hxg5 f5 25. f4 b5 26. Qd2 Qd6 27. g3 Qc6 28.
Qe2 b4 29. Qh5 Rxc3 30. g6 fxg6 31. Qxg6+ Kf8 32. Rxc3 bxc3 33. Qf6+ Ke8 34.
Rxc3 Qxc3 35. Qxe6+ Kd8 36. Qd6+ Ke8 37. Qe6+ Kd8 38. Qd6+ Ke8 39. Qe6+ Kd8
{Game drawn by repetition} 1/2-1/2

[Event "Team 45 45 League T40"]
[Site "Internet Chess Club"]
[Date "2009.02.14"]
[Round "3"]
[White "nardz"]
[Black "PUUNTUUPPAAJA"]
[Result "1-0"]
[WhiteElo "2100"]
[BlackElo "2018"]
[Opening "QGD: Chigorin defense, Janowski variation"]
[ECO "D07"]
[Time "06:55:30"]
[TimeControl "2700+45"]

1. d4 d5 2. c4 Nc6 3. Nc3 dxc4 4. Nf3 Bg4 5. d5 Bxf3 6. exf3 Na5 7. Qa4+ c6 8.
b4 cxb3 9. axb3 e6 10. dxe6 fxe6 11. Bd2 b6 12. b4 Nb7 13. Qxc6+ Qd7 14. Bb5
Qxc6 15. Bxc6+ Kf7 16. Bxb7 Rb8 17. Rxa7 Bxb4 18. Ne4 Bxd2+ 19. Kxd2 Ne7 20. Ba6
Rhd8+ 21. Kc2 h6 22. Rd1 Rd5 23. Rxd5 exd5 24. Nc3 Ke6 25. Rb7 Rxb7 26. Bxb7 Kd6
27. Ba6 Nc6 28. Bb5 Nd4+ 29. Kd3 Kc5 30. Be8 Ne6 31. Na4+ Kd6 32. Nxb6 Nf4+ 33.
Kd4 Nxg2 34. Nxd5 Nh4 35. Ke4 Ke6 36. f4 g6 37. Bxg6 {Black resigns} 1-0

[Event "Team 45 45 League T40"]
[Site "Internet Chess Club"]
[Date "2009.02.13"]
[Round "3"]
[White "shakkimestari"]
[Black "QueensCounselor"]
[Result "1-0"]
[WhiteElo "2049"]
[BlackElo "1968"]
[Opening "Petrov: Nimzovich attack"]
[ECO "C42"]
[Time "13:00:09"]
[TimeControl "2700+45"]

1. e4 e5 2. Nf3 Nf6 3. Nxe5 d6 4. Nf3 Nxe4 5. Nc3 Nxc3 6. dxc3 Be7 7. Be3 O-O 8.
Qd2 Nc6 9. O-O-O Ne5 10. Be2 Re8 11. Kb1 Be6 12. Nd4 Bd7 13. h3 a6 14. f4 Nc6
15. g4 Nxd4 16. Bxd4 c5 17. Bf2 Bc6 18. Rhg1 b5 19. g5 Qc8 20. Bg4 Qc7 21. f5
Bf8 22. Bg3 Rad8 23. h4 Qb7 24. g6 hxg6 25. fxg6 f6 26. h5 Bf3 27. Bxf3 Qxf3 28.
h6 gxh6 29. g7 Bxg7 30. Bxd6 Kh7 31. Rdf1 Qe3 32. Qg2 Rg8 33. Qg6+ Kh8 34. Re1
Qf2 35. Be7 Rde8 36. Ref1 Qh4 37. Qf7 Qc4 38. Rxf6 Qxf7 39. Rxf7 c4 40. a3 Bxc3
41. Rh1 Bg7 42. Bf6 Kh7 43. Rg1 {Black resigns} 1-0

[Event "Team 45 45 League T40"]
[Site "Internet Chess Club"]
[Date "2009.02.14"]
[Round "3"]
[White "The7thGuest"]
[Black "Speedy-Reedy"]
[Result "1-0"]
[WhiteElo "1999"]
[BlackElo "1877"]
[Opening "Pirc: Austrian attack"]
[ECO "B09"]
[Time "07:13:11"]
[TimeControl "2700+45"]

1. e4 d6 2. d4 Nf6 3. Nc3 g6 4. f4 Bg7 5. e5 Nfd7 6. e6 fxe6 7. h4 e5 8. dxe5
dxe5 9. f5 Nf6 10. Qxd8+ Kxd8 11. fxg6 hxg6 12. Nf3 Nh5 13. Bg5 c6 14. O-O-O+
Ke8 15. Re1 Ng3 16. Rg1 Nd7 17. Bd3 Kf7 18. Be3 Bf6 19. Ng5+ Kg7 20. Ne6+ Kh7
21. h5 e4 22. Nxe4 Nxh5 23. g4 Ng7 24. N4g5+ Kg8 25. Nc7 Rb8 26. Bc4+ Kf8 27.
Rh1 Rxh1 28. Rxh1 e5 29. Nh7+ Ke7 30. g5 Kd6 31. gxf6 Nf5 32. Bxa7 Kxc7 33.
Bxb8+ Kxb8 34. f7 Nd6 35. Be6 {Black resigns} 1-0